Influenza vs Sewer Rats
(R1)
Created - 29 mai 2016 at 20:57
Goals
|
Influenza |
1 |
1 |
0 |
1 |
3 |
Sewer Rats |
0 |
1 |
1 |
0 |
2 |
|
Shots
|
Influenza |
17 |
15 |
4 |
1 |
37 |
Sewer Rats |
10 |
9 |
10 |
0 |
29 |
|
1st period
1. Influenza , Evgeny Grachev 2 (Ben Smith, Jamie Benn) at 8:09 (PP)
Penalties :
Tim Ramholt (Tol) for Hooking (Minor) at 0:32, Martins Karsums (VJB) for Holding (Minor) at 3:40, Nick Palmieri (Tol) for Hooking (Minor) at 7:26, Mattias Ekholm (Tol) for Hooking (Minor) at 10:05, Steven Kampfer (Tol) for Slashing (Minor) at 19:54
2nd period
2. Influenza , Mathieu Carle 4 (Robbie Earl) at 0:11 (PP)
3. Sewer Rats , Derek Dorsett 2 (Tim Ramholt, John-Michael Liles) at 10:17
Penalties :
Martins Karsums (VJB) for Tripping (Minor) at 1:54, Corey Tropp (VJB) for Tripping (Minor) at 6:10, Vojtech Polak (Tol) for Hooking (Minor) at 6:26, Martins Karsums (VJB) for Roughing (Minor) at 10:51, Ville Leino (Tol) for Diving (Minor) at 18:15
3rd period
4. Sewer Rats , Nick Palmieri 12 (Peter Mueller, Ville Leino) at 14:04 (PP)
Penalties :
Mathieu Carle (VJB) for Holding (Minor) at 3:25, Kyle Turris (Tol) for Boarding (Minor) at 4:57, Zac Dalpe (VJB) for Hooking (Minor) at 13:29, Matt Corrente (VJB) for Delaying the game (Minor) at 17:57
Overtime #1
5. Influenza , Evgeny Grachev 3 (Ben Smith, Jeff May) at 1:33
Penalties :
No Penalty
Goalie Stats
Alex Stalock (VJB), 27 saves from 29 shots - (0,931), W, 12-3-0, 61:33 minutes
Richard Bachman (Tol), 34 saves from 37 shots - (0,919), OTL, 1-5-1, 61:33 minutes
Players Stats for Influenza
Player Name G A P +/- PIM S H SB GA TA FO MP PP MP PK MP
------------------------------------------------------------------------------------
Andreas Engqvist 0 0 0 0 0 1 2 0 1 0 2/4 10:12 0:00 0:00
Ben Smith 0 2 2 0 0 2 1 1 1 0 0/0 17:41 3:51 1:23
Brian Salcido 0 0 0 0 0 0 1 0 0 0 0/0 5:24 0:13 0:00
Carl Gunnarsson 0 0 0 1 0 1 0 1 0 1 0/0 8:26 0:00 1:06
Colin McDonald 0 0 0 0 0 0 0 0 0 0 0/0 0:52 0:19 0:00
Corey Tropp 0 0 0 0 2 1 0 0 0 1 0/0 6:01 0:16 0:00
Evgeny Grachev 2 0 2 0 0 2 1 0 0 0 2/8 15:53 3:51 0:00
Jamie Benn 0 1 1 0 0 0 0 0 1 0 0/1 19:57 3:51 3:39
Jeff May 0 1 1 1 0 1 0 0 0 0 0/0 7:17 0:00 0:00
Jeremy Morin 0 0 0 0 0 2 0 0 0 0 2/2 10:12 0:00 0:00
Jimmy Bonneau 0 0 0 0 0 0 0 0 0 0 0/0 3:22 0:19 2:07
John Klingberg 0 0 0 -1 0 0 2 2 0 0 0/0 19:40 3:13 4:20
Jordan Schroeder 0 0 0 0 0 1 0 0 0 0 1/1 7:57 0:00 2:04
Martins Karsums 0 0 0 0 6 7 1 1 0 0 0/0 20:49 4:35 2:27
Mathieu Carle 1 0 1 0 2 3 2 3 0 1 0/0 27:01 4:58 4:40
Matt Corrente 0 0 0 -1 2 1 0 2 0 1 0/0 18:43 3:13 3:21
Noah Welch 0 0 0 0 0 1 3 2 1 1 0/0 28:36 5:19 5:26
Oskars Bartulis 0 0 0 0 0 0 0 0 0 0 0/0 4:53 0:00 0:00
Robbie Earl 0 1 1 0 0 7 3 0 3 0 6/10 23:23 4:35 5:24
Ryan Russell 0 0 0 0 0 1 0 0 0 0 0/0 5:30 0:00 0:03
T.J Brodie 0 0 0 0 0 0 0 0 0 0 0/0 1:48 0:00 1:45
T.J Galiardi 0 0 0 0 0 3 0 0 0 1 0/2 13:41 0:00 3:11
Tim Erixon 0 0 0 0 0 0 0 0 0 0 0/0 1:24 0:39 0:00
Zac Dalpe 0 0 0 0 2 3 0 0 0 0 14/26 16:27 4:33 0:20
Players Stats for Sewer Rats
Player Name G A P +/- PIM S H SB GA TA FO MP PP MP PK MP
------------------------------------------------------------------------------------
Derek Dorsett 1 0 1 0 0 2 1 0 0 0 0/0 7:40 0:45 0:01
Jared Boll 0 0 0 0 0 1 1 0 0 0 0/0 10:30 0:57 0:01
Jarred Tinordi 0 0 0 0 0 0 0 0 0 0 0/0 3:32 0:00 0:00
John-Michael Liles 0 1 1 1 0 2 2 2 2 0 0/0 28:15 5:51 5:44
Jonathan Marchessault 0 0 0 0 0 2 0 0 0 0 0/1 7:30 0:41 0:19
Jonathan Paiement 0 0 0 -1 0 0 0 1 0 0 0/0 9:24 0:09 0:00
Kyle Turris 0 0 0 0 2 2 0 0 1 1 4/10 15:21 4:43 0:46
Lars Eller 0 0 0 0 0 0 1 0 1 0 4/8 12:08 0:00 2:30
Mark Mancari 0 0 0 0 0 2 2 0 1 1 0/0 17:33 4:44 2:19
Matt Lashoff 0 0 0 0 0 0 0 0 0 2 0/0 20:22 4:19 3:01
Mattias Ekholm 0 0 0 -1 2 1 0 0 0 1 0/0 10:36 0:09 0:55
Mike Funk 0 0 0 0 0 0 0 0 0 0 0/0 4:03 0:00 0:31
Nick Palmieri 1 0 1 0 2 4 3 1 0 0 2/2 21:16 4:38 2:03
Patrick Bordeleau 0 0 0 0 0 0 0 0 0 0 0/0 8:49 0:00 0:00
Peter Mueller 0 1 1 0 0 3 1 0 0 1 10/20 25:00 4:41 4:22
Steven Kampfer 0 0 0 0 2 0 1 0 0 1 0/0 20:21 4:19 3:01
Tim Ramholt 0 1 1 1 2 1 1 2 0 0 0/0 26:56 5:51 4:18
Tom Sestito 0 0 0 0 0 1 0 1 0 0 0/1 7:09 0:22 0:15
Ville Leino 0 1 1 0 2 3 2 0 1 0 6/11 23:43 4:41 3:06
Vojtech Polak 0 0 0 0 2 5 0 0 0 0 1/1 16:35 4:43 1:48
3 Stars
1 - Evgeny Grachev (VJB)
2 - Ben Smith (VJB)
3 - Derek Dorsett (Tol)
Power Play
Influenza - 2 on 7 Attempt(s) - 28,57%
Sewer Rats - 1 on 7 Attempt(s) - 14,29%
Penalty Kill
Influenza - 6 on 7 Attempt(s) - 85,71%
- Score 0 goal in Penalty Kill
Sewer Rats - 5 on 7 Attempt(s) - 71,43%
- Score 0 goal in Penalty Kill
Team Stat
Influenza - Hits : 16 - Faceoff Wins : 27 - Blocked Shots : 12 - Penalty Minutes : 14
Sewer Rats - Hits : 15 - Faceoff Wins : 27 - Blocked Shots : 7 - Penalty Minutes : 14
Official
Referees : Charron Francis and Ciamaga Chris
Linesman : Derek Nansen and Pierre Racicot
Game Notes
13:10 of 3rd period - Sewer Rats goal is going for a video replay. After video review, No Goal. The net was displaced accidentally.
Finance
Level 1 -- Attendance: 2000 (100,00%) -- Ticket Income 60 000 $
Level 2 -- Attendance: 1000 (100,00%) -- Ticket Income 12 000 $
Total Attendance: 3000 (100,00%)
Total Ticket Income: 72 000 $
Other Income: 3 600 $
Total Income: 75 600 $
Influenza
5 vs 5 Forward
Center Left Wing Right Wing Time % Phy DF OF
1 Zac Dalpe Robbie Earl Martins Karsums 40 1 2 2
2 Evgeny Grachev Jamie Benn Ben Smith 30 1 2 2
3 Andreas Engqvist T.J Galiardi Jeremy Morin 20 1 2 2
4 Jordan Schroeder Ryan Russell Corey Tropp 10 1 2 2
5 vs 5 Defense
Defense Defense Time % Phy DF OF
1 Noah Welch Mathieu Carle 40 1 2 2
2 John Klingberg Matt Corrente 30 1 2 2
3 Carl Gunnarsson Jeff May 20 1 2 2
4 Oskars Bartulis Brian Salcido 10 1 2 2
PowerPlay Forward
Center Left Wing Right Wing Time % Phy DF OF
1 Zac Dalpe Robbie Earl Martins Karsums 60 1 2 2
2 Evgeny Grachev Jamie Benn Ben Smith 40 1 2 2
PowerPlay Defense
Defense Defense Time % Phy DF OF
1 Noah Welch Mathieu Carle 60 1 2 2
2 John Klingberg Matt Corrente 40 1 2 2
Penalty Kill 4 Players Forward
Center Wing Time % Phy DF OF
1 Robbie Earl Martins Karsums 60 1 2 2
2 Jamie Benn Ben Smith 40 1 2 2
Penalty Kill 4 Players Defense
Defense Defense Time % Phy DF OF
1 Noah Welch Mathieu Carle 60 1 2 2
2 John Klingberg Matt Corrente 40 1 2 2
Penalty Kill - 3 Players Forward
Forward Time % Phy DF OF
1 Robbie Earl 60 1 2 2
2 Martins Karsums 40 1 2 2
Penalty Kill - 3 Players Defense
Defense Defense Time % Phy DF OF
1 Noah Welch Mathieu Carle 60 1 2 2
2 John Klingberg Matt Corrente 40 1 2 2
4 vs 4 Forward
Center Wing Time % Phy DF OF
1 Robbie Earl Martins Karsums 60 1 2 2
2 Jamie Benn Ben Smith 40 1 2 2
4 vs 4 Defense
Defense Defense Time % Phy DF OF
1 Noah Welch Mathieu Carle 60 1 2 2
2 John Klingberg Matt Corrente 40 1 2 2
Last Minutes Offensive
Center Left Wing Right Wing Defense Defense
Zac Dalpe Robbie Earl Martins Karsums Noah Welch Mathieu Carle
Last Minutes Defensive
Center Left Wing Right Wing Defense Defense
Zac Dalpe Robbie Earl Martins Karsums Noah Welch Mathieu Carle
Goaltenders
Starting : Alex Stalock
Backup : Thomas McCollum
Extra Forwards
Normal : Colin McDonald, Jimmy Bonneau, T.J Galiardi - PP : Colin McDonald, Jimmy Bonneau - PK : T.J Galiardi
Extra Defensemen
Normal : Tim Erixon, T.J Brodie, Carl Gunnarsson - PP : Tim Erixon - PK : T.J Brodie, Carl Gunnarsson
Penalty Shots
Robbie Earl, Martins Karsums, Jamie Benn, Ben Smith, T.J Galiardi
Sewer Rats
5 vs 5 Forward
Center Left Wing Right Wing Time % Phy DF OF
1 Peter Mueller Ville Leino Nick Palmieri 40 1 2 2
2 Kyle Turris Vojtech Polak Mark Mancari 30 1 2 2
3 Lars Eller Patrick Bordeleau Jared Boll 20 1 2 2
4 Jonathan Marchessault Tom Sestito Derek Dorsett 10 1 2 2
5 vs 5 Defense
Defense Defense Time % Phy DF OF
1 Tim Ramholt John-Michael Liles 40 1 2 2
2 Matt Lashoff Steven Kampfer 30 1 2 2
3 Jonathan Paiement Mattias Ekholm 20 1 2 2
4 Mike Funk Jarred Tinordi 10 1 2 2
PowerPlay Forward
Center Left Wing Right Wing Time % Phy DF OF
1 Peter Mueller Ville Leino Nick Palmieri 60 1 2 2
2 Kyle Turris Vojtech Polak Mark Mancari 40 1 2 2
PowerPlay Defense
Defense Defense Time % Phy DF OF
1 Tim Ramholt John-Michael Liles 60 1 2 2
2 Matt Lashoff Steven Kampfer 40 1 2 2
Penalty Kill 4 Players Forward
Center Wing Time % Phy DF OF
1 Ville Leino Peter Mueller 60 1 2 2
2 Nick Palmieri Mark Mancari 40 1 2 2
Penalty Kill 4 Players Defense
Defense Defense Time % Phy DF OF
1 Tim Ramholt John-Michael Liles 60 1 2 2
2 Matt Lashoff Steven Kampfer 40 1 2 2
Penalty Kill - 3 Players Forward
Forward Time % Phy DF OF
1 Ville Leino 60 1 2 2
2 Peter Mueller 40 1 2 2
Penalty Kill - 3 Players Defense
Defense Defense Time % Phy DF OF
1 Tim Ramholt John-Michael Liles 60 1 2 2
2 Matt Lashoff Steven Kampfer 40 1 2 2
4 vs 4 Forward
Center Wing Time % Phy DF OF
1 Ville Leino Peter Mueller 60 1 2 2
2 Nick Palmieri Mark Mancari 40 1 2 2
4 vs 4 Defense
Defense Defense Time % Phy DF OF
1 Tim Ramholt John-Michael Liles 60 1 2 2
2 Matt Lashoff Steven Kampfer 40 1 2 2
Last Minutes Offensive
Center Left Wing Right Wing Defense Defense
Peter Mueller Ville Leino Nick Palmieri Tim Ramholt John-Michael Liles
Last Minutes Defensive
Center Left Wing Right Wing Defense Defense
Peter Mueller Ville Leino Nick Palmieri Tim Ramholt John-Michael Liles
Goaltenders
Starting : Richard Bachman
Backup : Martin Biron
Extra Forwards
Normal : Jared Boll, Derek Dorsett, Lars Eller - PP : Jared Boll, Derek Dorsett - PK : Lars Eller
Extra Defensemen
Normal : Jonathan Paiement, Mattias Ekholm, Mike Funk - PP : Jonathan Paiement - PK : Mattias Ekholm, Mike Funk
Penalty Shots
Ville Leino, Peter Mueller, Nick Palmieri, Mark Mancari, Vojtech Polak
% Time on Ice - Influenza
Lines # - Real PCT - Wanted PCT - Time Play
Normal Forward
1 - 31% - 40% - 12:38
2 - 30% - 30% - 12:02
3 - 25% - 20% - 10:12
4 - 14% - 10% - 5:27
Normal Defense
1 - 41% - 40% - 16:40
2 - 28% - 30% - 11:29
3 - 18% - 20% - 7:17
4 - 12% - 10% - 4:53
PP Forward
1 - 56% - 60% - 4:54
2 - 44% - 40% - 3:51
PP Defense
1 - 63% - 60% - 5:32
2 - 37% - 40% - 3:13
PK Forward
1 - 87% - 60% - 8:56
2 - 13% - 40% - 1:23
PK Defense
1 - 53% - 60% - 5:26
2 - 47% - 40% - 4:53
PK3 Forward
1 - 0% - 60%
2 - 0% - 40%
PK3 Defense
1 - 0% - 60%
2 - 0% - 40%
44 Forward
1 - 81% - 60% - 1:45
2 - 19% - 40% - 0:25
44 Defense
1 - 68% - 60% - 1:29
2 - 32% - 40% - 0:41
Last Minute Offensive - 0:00
Last Minute Defensive - 0:00
Total
Forward - 61:33
Defense - 61:33
|
% Time on Ice - Sewer Rats
Lines # - Real PCT - Wanted PCT - Time Play
Normal Forward
1 - 38% - 40% - 15:09
2 - 25% - 30% - 10:11
3 - 22% - 20% - 8:49
4 - 15% - 10% - 6:10
Normal Defense
1 - 37% - 40% - 14:54
2 - 31% - 30% - 12:38
3 - 23% - 20% - 9:15
4 - 9% - 10% - 3:32
PP Forward
1 - 51% - 60% - 5:13
2 - 49% - 40% - 5:06
PP Defense
1 - 58% - 60% - 6:00
2 - 42% - 40% - 4:19
PK Forward
1 - 74% - 60% - 6:26
2 - 26% - 40% - 2:19
PK Defense
1 - 66% - 60% - 5:44
2 - 34% - 40% - 3:01
PK3 Forward
1 - 0% - 60%
2 - 0% - 40%
PK3 Defense
1 - 0% - 60%
2 - 0% - 40%
44 Forward
1 - 85% - 60% - 1:51
2 - 15% - 40% - 0:19
44 Defense
1 - 82% - 60% - 1:46
2 - 18% - 40% - 0:24
Last Minute Offensive - 0:00
Last Minute Defensive - 0:00
Total
Forward - 61:33
Defense - 61:33
|
Play by Play
1st period
0:01 of 1st period - Peter Mueller wins face-off versus Zac Dalpe in neutral zone.
0:32 of 1st period - Minor Penalty to Tim Ramholt for Hooking.
0:33 of 1st period - Zac Dalpe wins face-off versus Ville Leino in Sewer Rats zone.
0:43 of 1st period - Snap shot by Martins Karsums.
0:43 of 1st period - Stopped by Richard Bachman with a rebound.
0:45 of 1st period - Snap shot by Martins Karsums.
0:45 of 1st period - Shot Misses the Net.
0:59 of 1st period - Evgeny Grachev is hit by Nick Palmieri and loses puck.
2:06 of 1st period - John-Michael Liles is hit by Robbie Earl and loses puck.
2:32 of 1st period - Penalty to Tim Ramholt is over, Tim Ramholt is back on ice.
2:47 of 1st period - Wrist shot by Mark Mancari.
2:47 of 1st period - Shot Misses the Net.
2:49 of 1st period - Slapshot by Jonathan Paiement.
2:49 of 1st period - Deflect By Tom Sestito.
2:49 of 1st period - Shot Blocked by Matt Corrente.
2:49 of 1st period - Puck is out of play.
2:50 of 1st period - Andreas Engqvist wins face-off versus Jonathan Marchessault in Influenza zone.
2:50 of 1st period - Andreas Engqvist is hit by Derek Dorsett.
2:56 of 1st period - Wrist shot by Tom Sestito.
2:56 of 1st period - Shot Misses the Net.
2:58 of 1st period - Slapshot by Mattias Ekholm.
2:58 of 1st period - Stopped by Alex Stalock without a rebound.
2:59 of 1st period - Jeremy Morin wins face-off versus Peter Mueller in Influenza zone.
3:10 of 1st period - Wrist shot by Jeremy Morin.
3:10 of 1st period - Stopped by Richard Bachman with a rebound.
3:12 of 1st period - Slapshot by Jeff May.
3:12 of 1st period - Stopped by Richard Bachman with a rebound.
3:14 of 1st period - Snap shot by Carl Gunnarsson.
3:14 of 1st period - Stopped by Richard Bachman with a rebound.
3:16 of 1st period - Slapshot by T.J Galiardi.
3:16 of 1st period - Shot Blocked by Nick Palmieri.
3:18 of 1st period - Snap shot by Andreas Engqvist.
3:18 of 1st period - Stopped by Richard Bachman without a rebound.
3:19 of 1st period - Zac Dalpe wins face-off versus Kyle Turris in Sewer Rats zone.
3:40 of 1st period - Minor Penalty to Martins Karsums for Holding.
3:41 of 1st period - Robbie Earl wins face-off versus Peter Mueller in Influenza zone.
5:40 of 1st period - Penalty to Martins Karsums is over, Martins Karsums is back on ice.
5:51 of 1st period - Mattias Ekholm is hit by Andreas Engqvist and loses puck.
6:04 of 1st period - Wrist shot by Martins Karsums.
6:04 of 1st period - Stopped by Richard Bachman with a rebound.
6:49 of 1st period - Snap shot by Ben Smith.
6:49 of 1st period - Stopped by Richard Bachman with a rebound.
7:26 of 1st period - Minor Penalty to Nick Palmieri for Hooking.
7:27 of 1st period - Zac Dalpe wins face-off versus Ville Leino in Sewer Rats zone.
7:35 of 1st period - Icing by Noah Welch.
7:36 of 1st period - Zac Dalpe wins face-off versus Ville Leino in Influenza zone.
7:43 of 1st period - Snap shot by Robbie Earl.
7:43 of 1st period - Stopped by Richard Bachman with a rebound.
7:47 of 1st period - Slapshot by Robbie Earl.
7:47 of 1st period - Shot Blocked by John-Michael Liles.
7:49 of 1st period - Snap shot by Robbie Earl.
7:49 of 1st period - Shot Misses the Net.
8:09 of 1st period - Snap shot by Evgeny Grachev.
8:09 of 1st period - Goal by Evgeny Grachev - Influenza : 1 - Sewer Rats : 0.
8:10 of 1st period - Vojtech Polak wins face-off versus Zac Dalpe in neutral zone.
8:21 of 1st period - Snap shot by Robbie Earl.
8:21 of 1st period - Shot Misses the Net.
8:23 of 1st period - Snap shot by Martins Karsums.
8:23 of 1st period - Shot Misses the Net.
8:25 of 1st period - Snap shot by Robbie Earl.
8:25 of 1st period - Stopped by Richard Bachman with a rebound.
8:35 of 1st period - Noah Welch is hit by Nick Palmieri and loses puck.
9:06 of 1st period - Snap shot by Jared Boll.
9:06 of 1st period - Stopped by Alex Stalock with a rebound.
10:02 of 1st period - Slapshot by Ville Leino.
10:02 of 1st period - Shot Blocked by Ben Smith.
10:04 of 1st period - Snap shot by Nick Palmieri.
10:04 of 1st period - Stopped by Alex Stalock with a rebound.
10:05 of 1st period - Minor Penalty to Mattias Ekholm for Hooking.
10:06 of 1st period - Ville Leino wins face-off versus Zac Dalpe in Sewer Rats zone.
10:33 of 1st period - Evgeny Grachev is hit by John-Michael Liles and loses puck.
10:40 of 1st period - Nick Palmieri is hit by Noah Welch and loses puck.
10:59 of 1st period - Peter Mueller is hit by Robbie Earl and loses puck.
11:33 of 1st period - Martins Karsums is hit by Tim Ramholt and loses puck.
11:40 of 1st period - Noah Welch is hit by Lars Eller and loses puck.
12:05 of 1st period - Penalty to Mattias Ekholm is over, Mattias Ekholm is back on ice.
12:22 of 1st period - Wrist shot by Nick Palmieri.
12:22 of 1st period - Stopped by Alex Stalock without a rebound.
12:23 of 1st period - Jordan Schroeder wins face-off versus Lars Eller in Influenza zone.
12:50 of 1st period - T.J Galiardi is hit by Ville Leino and loses puck.
13:07 of 1st period - Steven Kampfer is hit by Noah Welch and loses puck.
13:16 of 1st period - Wrist shot by Robbie Earl.
13:16 of 1st period - Shot Misses the Net.
13:18 of 1st period - Wrist shot by Zac Dalpe.
13:18 of 1st period - Shot Misses the Net.
13:20 of 1st period - Wrist shot by Zac Dalpe.
13:20 of 1st period - Stopped by Richard Bachman with a rebound.
14:13 of 1st period - Snap shot by Peter Mueller.
14:13 of 1st period - Stopped by Alex Stalock with a rebound.
14:44 of 1st period - Snap shot by Peter Mueller.
14:44 of 1st period - Stopped by Alex Stalock with a rebound.
15:00 of 1st period - Wrist shot by Ville Leino.
15:00 of 1st period - Shot Blocked by Noah Welch.
15:02 of 1st period - Snap shot by Ville Leino.
15:02 of 1st period - Deflect By Jamie Benn.
15:02 of 1st period - Stopped by Alex Stalock without a rebound.
15:03 of 1st period - Kyle Turris wins face-off versus Zac Dalpe in Influenza zone.
15:12 of 1st period - Snap shot by Vojtech Polak.
15:12 of 1st period - Shot Blocked by Martins Karsums.
15:14 of 1st period - Slapshot by Kyle Turris.
15:14 of 1st period - Stopped by Alex Stalock with a rebound.
15:16 of 1st period - Snap shot by John-Michael Liles.
15:16 of 1st period - Stopped by Alex Stalock with a rebound.
15:18 of 1st period - Snap shot by Vojtech Polak.
15:18 of 1st period - Stopped by Alex Stalock with a rebound.
15:32 of 1st period - Off-side.
15:33 of 1st period - Lars Eller wins face-off versus T.J Galiardi in neutral zone.
16:04 of 1st period - Snap shot by Jeremy Morin.
16:04 of 1st period - Shot Misses the Net.
16:06 of 1st period - Snap shot by Jeremy Morin.
16:06 of 1st period - Stopped by Richard Bachman with a rebound.
16:20 of 1st period - Wrist shot by Jeremy Morin.
16:20 of 1st period - Shot Misses the Net.
16:22 of 1st period - Slapshot by T.J Galiardi.
16:22 of 1st period - Shot Misses the Net.
16:24 of 1st period - Snap shot by T.J Galiardi.
16:24 of 1st period - Stopped by Richard Bachman with a rebound.
16:26 of 1st period - Snap shot by T.J Galiardi.
16:26 of 1st period - Stopped by Richard Bachman without a rebound.
16:27 of 1st period - Peter Mueller wins face-off versus Zac Dalpe in Sewer Rats zone.
17:21 of 1st period - Wrist shot by Jordan Schroeder.
17:21 of 1st period - Deflect By Ryan Russell.
17:21 of 1st period - Stopped by Richard Bachman with a rebound.
17:36 of 1st period - Mattias Ekholm is hit by Martins Karsums and loses puck.
17:47 of 1st period - Wrist shot by Ben Smith.
17:47 of 1st period - Stopped by Richard Bachman with a rebound.
18:48 of 1st period - Wrist shot by Martins Karsums.
18:48 of 1st period - Stopped by Richard Bachman without a rebound.
18:49 of 1st period - Zac Dalpe wins face-off versus Peter Mueller in Sewer Rats zone.
19:25 of 1st period - Kyle Turris is hit by Mathieu Carle and loses puck.
19:54 of 1st period - Minor Penalty to Steven Kampfer for Slashing.
19:55 of 1st period - Ville Leino wins face-off versus Zac Dalpe in Sewer Rats zone.
19:55 of 1st period - Ville Leino is hit by Robbie Earl.
Goals for this period are 1 for Influenza vs 0 for Sewer Rats.
Shots for this period are 17 for Influenza vs 10 for Sewer Rats.
2nd period
0:01 of 2nd period - Ville Leino wins face-off versus Zac Dalpe in neutral zone.
0:11 of 2nd period - Slapshot by Mathieu Carle.
0:11 of 2nd period - Goal by Mathieu Carle - Influenza : 2 - Sewer Rats : 0.
0:12 of 2nd period - Peter Mueller wins face-off versus Zac Dalpe in neutral zone.
1:32 of 2nd period - Snap shot by Derek Dorsett.
1:32 of 2nd period - Stopped by Alex Stalock without a rebound.
1:33 of 2nd period - Ville Leino wins face-off versus Zac Dalpe in Influenza zone.
1:54 of 2nd period - Minor Penalty to Martins Karsums for Tripping.
1:55 of 2nd period - Robbie Earl wins face-off versus Peter Mueller in Influenza zone.
2:02 of 2nd period - Slapshot by Steven Kampfer.
2:02 of 2nd period - Shot Misses the Net.
2:06 of 2nd period - Wrist shot by Ville Leino.
2:06 of 2nd period - Stopped by Alex Stalock with a rebound.
2:08 of 2nd period - Snap shot by Peter Mueller.
2:08 of 2nd period - Shot Misses the Net.
2:10 of 2nd period - Slapshot by Matt Lashoff.
2:10 of 2nd period - Shot Blocked by Noah Welch.
3:01 of 2nd period - Wrist shot by Jordan Schroeder.
3:01 of 2nd period - Stopped by Richard Bachman with a rebound.
3:54 of 2nd period - Penalty to Martins Karsums is over, Martins Karsums is back on ice.
4:05 of 2nd period - Snap shot by Robbie Earl.
4:05 of 2nd period - Stopped by Richard Bachman with a rebound.
5:32 of 2nd period - Wrist shot by Vojtech Polak.
5:32 of 2nd period - Deflect By Matt Corrente.
5:32 of 2nd period - Stopped by Alex Stalock with a rebound.
6:08 of 2nd period - Backhand shot by Jared Boll.
6:08 of 2nd period - Shot Misses the Net.
6:10 of 2nd period - Minor Penalty to Corey Tropp for Tripping.
6:11 of 2nd period - Robbie Earl wins face-off versus Kyle Turris in Influenza zone.
6:26 of 2nd period - Minor Penalty to Vojtech Polak for Hooking.
6:27 of 2nd period - Ville Leino wins face-off versus Robbie Earl in Sewer Rats zone.
6:37 of 2nd period - Snap shot by Martins Karsums.
6:37 of 2nd period - Stopped by Richard Bachman without a rebound.
6:38 of 2nd period - Robbie Earl wins face-off versus Ville Leino in Sewer Rats zone.
6:45 of 2nd period - Snap shot by Robbie Earl.
6:45 of 2nd period - Stopped by Richard Bachman with a rebound.
6:47 of 2nd period - Wrist shot by Martins Karsums.
6:47 of 2nd period - Deflect By Robbie Earl.
6:47 of 2nd period - Stopped by Richard Bachman with a rebound.
6:49 of 2nd period - Slapshot by Noah Welch.
6:49 of 2nd period - Stopped by Richard Bachman with a rebound.
7:31 of 2nd period - Slapshot by Mark Mancari.
7:31 of 2nd period - Stopped by Alex Stalock with a rebound.
8:10 of 2nd period - Penalty to Corey Tropp is over, Corey Tropp is back on ice.
8:24 of 2nd period - Wrist shot by Corey Tropp.
8:24 of 2nd period - Stopped by Richard Bachman with a rebound.
8:26 of 2nd period - Penalty to Vojtech Polak is over, Vojtech Polak is back on ice.
8:34 of 2nd period - Wrist shot by Lars Eller.
8:34 of 2nd period - Shot Blocked by Matt Corrente.
8:36 of 2nd period - Slapshot by Matt Lashoff.
8:36 of 2nd period - Shot Misses the Net.
8:44 of 2nd period - Snap shot by Vojtech Polak.
8:44 of 2nd period - Stopped by Alex Stalock without a rebound.
8:45 of 2nd period - Evgeny Grachev wins face-off versus Kyle Turris in Influenza zone.
8:49 of 2nd period - Off-side.
8:50 of 2nd period - Kyle Turris wins face-off versus Evgeny Grachev in neutral zone.
10:17 of 2nd period - Slapshot by Tim Ramholt.
10:17 of 2nd period - Deflect By Derek Dorsett.
10:17 of 2nd period - Goal by Derek Dorsett - Influenza : 2 - Sewer Rats : 1.
10:18 of 2nd period - Peter Mueller wins face-off versus Zac Dalpe in neutral zone.
10:29 of 2nd period - Snap shot by Peter Mueller.
10:29 of 2nd period - Stopped by Alex Stalock without a rebound.
10:30 of 2nd period - Peter Mueller wins face-off versus Zac Dalpe in Influenza zone.
10:42 of 2nd period - John-Michael Liles is hit by Mathieu Carle and loses puck.
10:51 of 2nd period - Minor Penalty to Martins Karsums for Roughing.
10:52 of 2nd period - Robbie Earl wins face-off versus Peter Mueller in Influenza zone.
11:25 of 2nd period - Backhand shot by Tim Ramholt.
11:25 of 2nd period - Shot Blocked by Mathieu Carle.
11:27 of 2nd period - Wrist shot by Vojtech Polak.
11:27 of 2nd period - Stopped by Alex Stalock with a rebound.
11:58 of 2nd period - Icing by Matt Lashoff.
11:59 of 2nd period - Peter Mueller wins face-off versus T.J Galiardi in Sewer Rats zone.
12:25 of 2nd period - Snap shot by Mark Mancari.
12:25 of 2nd period - Shot Misses the Net.
12:51 of 2nd period - Penalty to Martins Karsums is over, Martins Karsums is back on ice.
14:18 of 2nd period - Snap shot by Vojtech Polak.
14:18 of 2nd period - Shot Misses the Net.
15:08 of 2nd period - Peter Mueller is hit by Brian Salcido and loses puck.
15:47 of 2nd period - Snap shot by T.J Galiardi.
15:47 of 2nd period - Shot Misses the Net.
17:10 of 2nd period - Slapshot by Mark Mancari.
17:10 of 2nd period - Stopped by Alex Stalock without a rebound.
17:11 of 2nd period - Peter Mueller wins face-off versus Evgeny Grachev in Influenza zone.
17:37 of 2nd period - Icing by Evgeny Grachev.
17:38 of 2nd period - Lars Eller wins face-off versus Evgeny Grachev in Influenza zone.
17:49 of 2nd period - Backhand shot by John Klingberg.
17:49 of 2nd period - Deflect By Ben Smith.
17:49 of 2nd period - Shot Blocked by Tim Ramholt.
17:49 of 2nd period - Puck is out of play.
17:50 of 2nd period - Zac Dalpe wins face-off versus Peter Mueller in Sewer Rats zone.
17:51 of 2nd period - Wrist shot by Martins Karsums.
17:51 of 2nd period - Shot Blocked by Tim Ramholt.
17:53 of 2nd period - Slapshot by Zac Dalpe.
17:53 of 2nd period - Stopped by Richard Bachman without a rebound.
17:54 of 2nd period - Zac Dalpe wins face-off versus Ville Leino in Sewer Rats zone.
17:57 of 2nd period - Snap shot by Martins Karsums.
17:57 of 2nd period - Stopped by Richard Bachman with a rebound.
17:59 of 2nd period - Backhand shot by Martins Karsums.
17:59 of 2nd period - Stopped by Richard Bachman with a rebound.
18:01 of 2nd period - Slapshot by Mathieu Carle.
18:01 of 2nd period - Stopped by Richard Bachman with a rebound.
18:03 of 2nd period - Slapshot by Noah Welch.
18:03 of 2nd period - Deflect By Robbie Earl.
18:03 of 2nd period - Stopped by Richard Bachman with a rebound.
18:15 of 2nd period - Minor Penalty to Ville Leino for Diving.
18:16 of 2nd period - Zac Dalpe wins face-off versus Lars Eller in Sewer Rats zone.
18:21 of 2nd period - Wrist shot by Mathieu Carle.
18:21 of 2nd period - Stopped by Richard Bachman with a rebound.
18:27 of 2nd period - Slapshot by Zac Dalpe.
18:27 of 2nd period - Stopped by Richard Bachman with a rebound.
18:47 of 2nd period - Jamie Benn is hit by John-Michael Liles and loses puck.
Goals for this period are 1 for Influenza vs 1 for Sewer Rats.
Shots for this period are 15 for Influenza vs 9 for Sewer Rats.
3rd period
0:01 of 3rd period - Zac Dalpe wins face-off versus Lars Eller in neutral zone.
0:15 of 3rd period - Penalty to Ville Leino is over, Ville Leino is back on ice.
0:51 of 3rd period - Matt Corrente is hit by Mark Mancari and loses puck.
1:00 of 3rd period - Wrist shot by Vojtech Polak.
1:00 of 3rd period - Shot Blocked by John Klingberg.
1:16 of 3rd period - Slapshot by Matt Corrente.
1:16 of 3rd period - Shot Blocked by Tom Sestito.
1:18 of 3rd period - Slapshot by Matt Corrente.
1:18 of 3rd period - Stopped by Richard Bachman without a rebound.
1:19 of 3rd period - Kyle Turris wins face-off versus Andreas Engqvist in Sewer Rats zone.
1:26 of 3rd period - Wrist shot by Tim Ramholt.
1:26 of 3rd period - Stopped by Alex Stalock without a rebound.
1:27 of 3rd period - Andreas Engqvist wins face-off versus Kyle Turris in Influenza zone.
1:47 of 3rd period - Wrist shot by T.J Galiardi.
1:47 of 3rd period - Stopped by Richard Bachman with a rebound.
2:22 of 3rd period - Snap shot by Mark Mancari.
2:22 of 3rd period - Shot Misses the Net.
2:24 of 3rd period - Snap shot by Vojtech Polak.
2:24 of 3rd period - Shot Blocked by Carl Gunnarsson.
2:26 of 3rd period - Snap shot by Kyle Turris.
2:26 of 3rd period - Shot Misses the Net.
2:28 of 3rd period - Backhand shot by Kyle Turris.
2:28 of 3rd period - Stopped by Alex Stalock without a rebound.
2:29 of 3rd period - Zac Dalpe wins face-off versus Peter Mueller in Influenza zone.
2:29 of 3rd period - Zac Dalpe is hit by Peter Mueller.
2:55 of 3rd period - Matt Lashoff is hit by Ben Smith and loses puck.
3:05 of 3rd period - Off-side.
3:06 of 3rd period - Evgeny Grachev wins face-off versus Peter Mueller in neutral zone.
3:08 of 3rd period - Off-side.
3:09 of 3rd period - Peter Mueller wins face-off versus Evgeny Grachev in neutral zone.
3:25 of 3rd period - Minor Penalty to Mathieu Carle for Holding.
3:26 of 3rd period - Peter Mueller wins face-off versus Robbie Earl in Influenza zone.
3:43 of 3rd period - Robbie Earl is hit by Nick Palmieri and loses puck.
4:00 of 3rd period - Slapshot by Noah Welch.
4:00 of 3rd period - Shot Blocked by John-Michael Liles.
4:29 of 3rd period - Icing by Vojtech Polak.
4:30 of 3rd period - Kyle Turris wins face-off versus Jamie Benn in Sewer Rats zone.
4:57 of 3rd period - Minor Penalty to Kyle Turris for Boarding.
4:58 of 3rd period - Ville Leino wins face-off versus Robbie Earl in Sewer Rats zone.
5:25 of 3rd period - Penalty to Mathieu Carle is over, Mathieu Carle is back on ice.
6:47 of 3rd period - Icing by Noah Welch.
6:48 of 3rd period - Nick Palmieri wins face-off versus Evgeny Grachev in Influenza zone.
6:57 of 3rd period - Penalty to Kyle Turris is over, Kyle Turris is back on ice.
9:06 of 3rd period - Tim Ramholt is hit by Evgeny Grachev and loses puck.
9:33 of 3rd period - Wrist shot by Lars Eller.
9:33 of 3rd period - Shot Misses the Net.
10:04 of 3rd period - Ville Leino is hit by Andreas Engqvist and loses puck.
11:14 of 3rd period - Snap shot by Robbie Earl.
11:14 of 3rd period - Stopped by Richard Bachman without a rebound.
11:15 of 3rd period - Peter Mueller wins face-off versus Zac Dalpe in Sewer Rats zone.
11:52 of 3rd period - Snap shot by Vojtech Polak.
11:52 of 3rd period - Stopped by Alex Stalock without a rebound.
11:53 of 3rd period - Lars Eller wins face-off versus Evgeny Grachev in Influenza zone.
12:08 of 3rd period - Patrick Bordeleau is hit by John Klingberg.
12:18 of 3rd period - Tim Ramholt is hit by John Klingberg and loses puck.
12:27 of 3rd period - Wrist shot by Zac Dalpe.
12:27 of 3rd period - Deflect By Martins Karsums.
12:27 of 3rd period - Stopped by Richard Bachman with a rebound.
13:04 of 3rd period - Slapshot by Tim Ramholt.
13:04 of 3rd period - Shot Misses the Net.
13:08 of 3rd period - Snap shot by Derek Dorsett.
13:08 of 3rd period - Shot Blocked by Mathieu Carle.
13:10 of 3rd period - Wrist shot by John-Michael Liles.
13:10 of 3rd period - Deflect By Tom Sestito.
13:10 of 3rd period - Sewer Rats goal is going for a video replay.
13:10 of 3rd period - The goal is refused. The net was displaced accidentally..
13:11 of 3rd period - Zac Dalpe wins face-off versus Peter Mueller in Influenza zone.
13:29 of 3rd period - Minor Penalty to Zac Dalpe for Hooking.
13:30 of 3rd period - Nick Palmieri wins face-off versus Robbie Earl in Influenza zone.
13:31 of 3rd period - Wrist shot by Peter Mueller.
13:31 of 3rd period - Shot Misses the Net.
14:00 of 3rd period - Slapshot by Ville Leino.
14:00 of 3rd period - Stopped by Alex Stalock with a rebound.
14:02 of 3rd period - Slapshot by Peter Mueller.
14:02 of 3rd period - Shot Blocked by Mathieu Carle.
14:04 of 3rd period - Wrist shot by Nick Palmieri.
14:04 of 3rd period - Goal by Nick Palmieri - Influenza : 2 - Sewer Rats : 2.
14:05 of 3rd period - Zac Dalpe wins face-off versus Kyle Turris in neutral zone.
14:51 of 3rd period - Jamie Benn is hit by Steven Kampfer and loses puck.
16:04 of 3rd period - Peter Mueller is hit by Noah Welch and loses puck.
16:41 of 3rd period - Ben Smith is hit by Ville Leino and loses puck.
17:01 of 3rd period - Wrist shot by Nick Palmieri.
17:01 of 3rd period - Stopped by Alex Stalock without a rebound.
17:02 of 3rd period - Jeremy Morin wins face-off versus Lars Eller in Influenza zone.
17:02 of 3rd period - Jeremy Morin is hit by Jared Boll.
17:32 of 3rd period - Snap shot by Zac Dalpe.
17:32 of 3rd period - Deflect By Robbie Earl.
17:32 of 3rd period - Shot Misses the Net.
17:32 of 3rd period - Puck is out of play.
17:33 of 3rd period - Zac Dalpe wins face-off versus Tom Sestito in Sewer Rats zone.
17:38 of 3rd period - Snap shot by Martins Karsums.
17:38 of 3rd period - Shot Misses the Net.
17:44 of 3rd period - Wrist shot by Tom Sestito.
17:44 of 3rd period - Shot Misses the Net.
17:46 of 3rd period - Snap shot by Jonathan Marchessault.
17:46 of 3rd period - Stopped by Alex Stalock without a rebound.
17:47 of 3rd period - Lars Eller wins face-off versus Andreas Engqvist in Influenza zone.
17:57 of 3rd period - Minor Penalty to Matt Corrente for Delaying the game.
17:58 of 3rd period - Robbie Earl wins face-off versus Kyle Turris in Influenza zone.
18:47 of 3rd period - Slapshot by John-Michael Liles.
18:47 of 3rd period - Stopped by Alex Stalock with a rebound.
18:49 of 3rd period - Slapshot by Jonathan Marchessault.
18:49 of 3rd period - Stopped by Alex Stalock with a rebound.
18:51 of 3rd period - Slapshot by John-Michael Liles.
18:51 of 3rd period - Shot Blocked by John Klingberg.
19:13 of 3rd period - Noah Welch is hit by Mark Mancari and loses puck.
19:57 of 3rd period - Penalty to Matt Corrente is over, Matt Corrente is back on ice.
Goals for this period are 0 for Influenza vs 1 for Sewer Rats.
Shots for this period are 4 for Influenza vs 10 for Sewer Rats.
Overtime #1
0:01 of 1st overtime period - Zac Dalpe wins face-off versus Peter Mueller in neutral zone.
1:31 of 1st overtime period - Slapshot by Ben Smith.
1:31 of 1st overtime period - Shot Blocked by Jonathan Paiement.
1:33 of 1st overtime period - Snap shot by Evgeny Grachev.
1:33 of 1st overtime period - Goal by Evgeny Grachev - Influenza : 3 - Sewer Rats : 2.
Goals for this period are 1 for Influenza vs 0 for Sewer Rats.
Shots for this period are 1 for Influenza vs 0 for Sewer Rats.
Back to the Top